 Dungeon Crawl Stone Soup version 0.29-a0-925-g0a7a3d12f8 (webtiles) character file.

Game seed: 18312420829081283938

82 Elmgren the Firebug (level 4, -18/32 HPs)
             Began as a Gnoll Fire Elementalist on July 29, 2022.
             Killed from afar by Ijyb (21 damage)
             ... with a bolt of acid
             ... on level 2 of the Dungeon.
             The game lasted 00:10:11 (6654 turns).

Elmgren the Firebug (Gnoll Fire Elementalist)       Turns: 6654, Time: 00:10:12

Health: -18/32     AC:  8    Str:  8    XL:     4   Next: 43%
Magic:  1/11       EV: 14    Int: 16    God:
Gold:   100        SH:  5    Dex: 15    Spells: 10/13 levels left

rFire   + . .      SeeInvis +   d - +0 short sword
rCold   . . .      Faith    .   (no shield)
rNeg    . . .      Spirit   .   a - +0 robe
rPois   .          Reflect  +   (no helmet)
rElec   .          Harm     .   (no cloak)
rCorr   .          Rampage  .   (no gloves)
Will    .....                   k - +5 pair of boots of Mumblety Peg {rF+ Dex+3 SInv}
Stlth   +++.......              i - amulet of reflection
HPRegen 0.10/turn               c - ring of wizardry
MPRegen 0.12/turn               (no ring)

@: no status effects
A: fangs 1, strong nose, distributed training
a: no special abilities


You were on level 2 of the Dungeon.
You visited 1 branch of the dungeon, and saw 3 of its levels.

You collected 100 gold pieces.

Inventory:

Hand Weapons
 d - a +0 short sword (weapon)
Armour
 a - a +0 robe (worn)
 k - the +5 pair of boots of Mumblety Peg (worn) {rF+ Dex+3 SInv}
   (You acquired it on level 2 of the Dungeon)

   Dex:       It affects your dexterity (+3).
   rF:        It protects you from fire.
   SInv:      It lets you see invisible.
 n - a +0 pair of boots
Jewellery
 c - a ring of wizardry (left hand)
 i - an amulet of reflection (around neck)
Scrolls
 g - a scroll of amnesia
Potions
 b - a potion of magic
 e - 2 potions of curing {unknown}
 f - 3 potions of attraction {unknown}
 h - 2 potions of heal wounds {unknown}
 j - a potion of degeneration {unknown}


   Skills:
 + Level 1.2 Fighting
 + Level 1.2 Short Blades
 + Level 1.2 Long Blades
 + Level 1.2 Axes
 + Level 1.2 Maces & Flails
 + Level 1.2 Polearms
 + Level 1.2 Staves
 + Level 1.2 Ranged Weapons
 + Level 1.2 Throwing
 + Level 1.2 Armour
 + Level 4.6 Dodging
 + Level 4.3 Stealth
 + Level 1.2 Shields
 + Level 1.2 Unarmed Combat
 + Level 5.1 Spellcasting
 + Level 2.2 Conjurations
 + Level 1.0 Hexes
 + Level 1.0 Summonings
 + Level 1.0 Necromancy
 + Level 1.0 Translocations
 + Level 1.0 Transmutations
 + Level 5.5 Fire Magic
 + Level 1.0 Ice Magic
 + Level 1.0 Air Magic
 + Level 1.0 Earth Magic
 + Level 1.0 Poison Magic
 + Level 1.3 Invocations
 + Level 1.2 Evocations


You had 10 spell levels left.
You knew the following spells:

 Your Spells              Type           Power      Damage    Failure   Level
a - Foxfire               Conj/Fire      64%        2x1d7     1%          1
b - Scorch                Fire           42%        2d7       1%          2

Your spell library contained the following spells:

 Spells                   Type           Power      Damage    Failure   Level
 Conjure Flame            Conj/Fire      16%        6-21      3%          3
 Inner Flame              Hex/Fire       14%        N/A       4%          3
 Flame Wave               Conj/Fire      16%        2d7       12%         4


Dungeon Overview and Level Annotations

Branches:
Dungeon (3/15)

Altars:
Sif Muna

Annotations:
D:2 Ijyb


Innate Abilities, Weirdness & Mutations

You have very sharp teeth.
Your uncanny sense of smell can sniff out nearby items.
Your experience applies equally to all skills.


Message History

The foxfire hits Ijyb but does no damage.
Ijyb is heavily wounded.
The foxfire hits Ijyb but does no damage.
Ijyb is heavily wounded.
Ijyb misses you.
You climb upwards.
There is a stone staircase leading down here.
Casting: Foxfire (safe; 1% risk of failure)
Confirm with . or Enter, or press ? or * to list all spells.
You conjure some foxfire!
Ijyb hits you but does no damage.
Casting: Foxfire (safe; 1% risk of failure)
Press: ? - help, Q - select action, (/) - cycle Dir - look around, f - activate You conjure some foxfire!
The foxfire hits Ijyb but does no damage.
Ijyb is heavily wounded.
The foxfire hits Ijyb.
Ijyb is heavily wounded.
Ijyb barely misses you.
Casting: Foxfire (safe; 1% risk of failure)
Confirm with . or Enter, or press ? or * to list all spells.
You conjure some foxfire!
The foxfire hits Ijyb but does no damage.
Ijyb is heavily wounded.
The foxfire hits Ijyb but does no damage.
Ijyb is heavily wounded.
Ijyb zaps a wand.
The bolt of acid hits you.
You don't have enough magic to cast this spell.
Ijyb is nearby!
Casting: Foxfire (safe; 1% risk of failure)
Confirm with . or Enter, or press ? or * to list all spells.
You don't have enough magic to cast this spell.
Ijyb is nearby!
Your foxfire dissipates!
The foxfire hits Ijyb.
Ijyb is severely wounded.
Ijyb zaps a wand.
The bolt of acid hits you!
* * * LOW HITPOINT WARNING * * *
Ijyb zaps a wand.
The bolt of acid hits you!!
Ouch! That really hurt!
You die...

#####...#......#
###..............###
....###..##......#.#
#...# #..#########.#
#.### #..# ###...#
#.#####..# #.....#
..##....## #.#.###
###..##.# ##.#.#
.#..###.# ##..#@#
...####.# #..##.#
.....##.# ##.###.#
##....#.###..# #g#
#####...#...## #.# #
#.....######.### #
###.#............#
###...#............##
#........[......>...##


You could see Ijyb.

Vanquished Creatures
  2 adders
  A gnoll (D:1)
  2 dart slugs
  4 endoplasms (D:1)
  3 giant cockroaches
  8 goblins
  6 hobgoblins
  2 jackals (D:1)
  A kobold (D:1)
  4 quokkas
  5 ball pythons
  3 bats (D:1)
  A frilled lizard (D:1)
  2 rats
44 creatures vanquished.

Vanquished Creatures (others)
  A bat (D:3)
  339 foxfires
340 creatures vanquished.

Grand Total: 384 creatures vanquished

Notes
Turn   | Place    | Note
-------+----------+-------------------------------------------
     0 | D:1      | Elmgren the Gnoll Fire Elementalist began the quest for the
                  | Orb.
     0 | D:1      | Reached XP level 1. HP: 13/13 MP: 6/6
   774 | D:1      | Reached XP level 2. HP: 19/19 MP: 4/7
  3063 | D:1      | Reached skill level 5 in Spellcasting
  3063 | D:1      | Reached XP level 3. HP: 25/25 MP: 5/9
  3327 | D:1      | Found a faded altar of an unknown god.
  3457 | D:1      | Reached skill level 1 in Invocations
  3850 | D:1      | Reached skill level 1 in Fighting
  3850 | D:1      | Reached skill level 1 in Short Blades
  3850 | D:1      | Reached skill level 1 in Long Blades
  3850 | D:1      | Reached skill level 1 in Axes
  3850 | D:1      | Reached skill level 1 in Maces & Flails
  3850 | D:1      | Reached skill level 1 in Polearms
  3850 | D:1      | Reached skill level 1 in Staves
  3850 | D:1      | Reached skill level 1 in Ranged Weapons
  3850 | D:1      | Reached skill level 1 in Throwing
  3850 | D:1      | Reached skill level 1 in Armour
  3850 | D:1      | Reached skill level 1 in Shields
  3850 | D:1      | Reached skill level 1 in Unarmed Combat
  3850 | D:1      | Reached skill level 1 in Evocations
  4607 | D:1      | Learned a level 2 spell: Scorch
  5580 | D:2      | Reached XP level 4. HP: 32/32 MP: 8/11
  6119 | D:2      | Found a shimmering blue altar of Sif Muna.
  6194 | D:2      | Identified a scroll of acquirement
  6194 | D:2      | Acquired the +5 pair of boots of Mumblety Peg {rF+ Dex+3
                  | SInv}
  6632 | D:3      | Noticed Ijyb
  6642 | D:3      | Reached skill level 1 in Hexes
  6642 | D:3      | Reached skill level 1 in Summonings
  6642 | D:3      | Reached skill level 1 in Necromancy
  6642 | D:3      | Reached skill level 1 in Translocations
  6642 | D:3      | Reached skill level 1 in Transmutations
  6642 | D:3      | Reached skill level 1 in Ice Magic
  6642 | D:3      | Reached skill level 1 in Air Magic
  6642 | D:3      | Reached skill level 1 in Earth Magic
  6642 | D:3      | Reached skill level 1 in Poison Magic
  6654 | D:2      | Killed from afar by Ijyb

Illustrated notes

Levels and vault maps discovered:
D:1:      psy_arrival_spokes, layout_loops_cross,
          hellmonk_ecumenical_altar_zigzags, minmay_cupped
D:2:      layout_rooms, basic_altar
D:3:      layout_loops_ring, trog_wizard, grunt_gozag_breadcrumbs,
          portal_sewer_entry_d, minmay_gold_behind_fungi,
          uniq_crazy_yiuf_cottage, uniq_robin, uniq_ijyb, uniq_terence

Skill      XL: |  1  2  3  4 |
---------------+-------------+-----
Conjurations   | 2 |  2.2
Spellcasting   | 5 |  5.1
Invocations    | 1 |  1.3
Fighting       | 1 |  1.2
Short Blades   | 1 |  1.2
Long Blades    | 1 |  1.2
Axes           | 1 |  1.2
Maces & Flails | 1 |  1.2
Polearms       | 1 |  1.2
Staves         | 1 |  1.2
Ranged Weapons | 1 |  1.2
Throwing       | 1 |  1.2
Armour         | 1 |  1.2
Shields        | 1 |  1.2
Unarmed Combat | 1 |  1.2
Evocations     | 1 |  1.2
Hexes          | 1 |  1.0
Summonings     | 1 |  1.0
Necromancy     | 1 |  1.0
Translocations | 1 |  1.0
Transmutations | 1 |  1.0
Ice Magic      | 1 |  1.0
Air Magic      | 1 |  1.0
Earth Magic    | 1 |  1.0
Poison Magic   | 1 |  1.0
Dodging        | |  4.6
Stealth        | |  4.3
Fire Magic     | |  5.5

Action                   |  1- 3 |  4- 6 || total
-------------------------+-------+-------++-------
 Cast: Foxfire           |   163 |    27 ||   190
  Use: Scroll            |     3 |     3 ||     6
Armor: Robe              |     4 |     4 ||     8
Dodge: Dodged            |    16 |     8 ||    24
Block: Other             |     2 |     2 ||     4

Table legend: (Time is in decaauts)
 A = Elapsed time spent in this place.
 B = Non-inter-level travel time spent in this place.
 C = Inter-level travel time spent in this place.
 D = Time resting spent in this place.
 E = Time spent auto-exploring this place.
 F = Levels seen in this place.
 G = Mean time per level.
                   A        B        C        D        E       F      G
               +--------+--------+--------+--------+--------+-----+--------+
         Total |   6655 |   6596 |     59 |   4648 |   1354 |   3 | 2218.3 |
       Dungeon |   6655 |   6596 |     59 |   4648 |   1354 |   3 | 2218.3 |
               +--------+--------+--------+--------+--------+-----+--------+

Top non-repeatable levels by time:
     D:1: 5301 daAuts
     D:2: 1343 daAuts
     D:3: 10 daAuts
